 Dungeon Crawl Stone Soup version 0.23.0-33-g5e6c059 (webtiles) character file.

Game seed: 5330034681812412730

802 Wiggy the Chopper (level 7, 0/49 HPs)
             Began as an Octopode Fighter on Feb 26, 2019.
             Was an Initiate of Okawaru.
             Slain by a centaur
             ... wielding a +0 long sword of holy wrath
              (3 damage)
             ... on level 5 of the Dungeon.
             The game lasted 00:06:06 (4519 turns).

Wiggy the Chopper (Octopode Fighter)                Turns: 4519, Time: 00:06:07

Health: 0/49       AC:  1    Str: 15    XL:     7   Next: 91%
Magic:  7/7        EV: 13    Int: 10    God:    Okawaru [......]
Gold:   210        SH: 10    Dex: 18    Spells: 6/6 levels left

rFire    . . .     SeeInvis .   a - +0 war axe
rCold    . . .     Gourm    .   b - +0 shield
rNeg     . . .     Faith    .   (helmet restricted)
rPois    .         Spirit   .   (no amulet)
rElec    .         Reflect  .   p - +4 ring of dexterity
rCorr    .         Harm     .   (no ring)
MR       .....                  (no ring)
Stlth    ++++......             (no ring)
HPRegen  0.16/turn              (no ring)
MPRegen  0.10/turn              (no ring)
                                (no ring)
                                (no ring)

@: no status effects
A: almost no armour, stealthy swim, amphibious, 8 rings, constrict 8, camouflage
1, gelatinous body 1
a: Renounce Religion


You were on level 5 of the Dungeon.
You worshipped Okawaru.
Okawaru was noncommittal.
You were not hungry.

You visited 2 branches of the dungeon, and saw 6 of its levels.

You collected 210 gold pieces.

Inventory:

Hand Weapons
 a - a +0 war axe (weapon)
Missiles
 e - 8 javelins (quivered)
 j - 91 stones
Armour
 b - a +0 shield (worn)
Jewellery
 p - a +4 ring of dexterity (left tentacle)
Scrolls
 g - 3 scrolls of remove curse {unknown}
 h - 7 scrolls of teleportation {unknown}
 m - a scroll of amnesia {unknown}
 n - 4 scrolls of identify {unknown}
 o - a scroll of fear {unknown}
 q - 2 scrolls of magic mapping {unknown}
 s - a scroll of noise {unknown}
 t - a scroll of enchant armour {unknown}
 u - a scroll of immolation {unknown}
 v - a scroll of random uselessness {unknown}
 x - a scroll of enchant weapon {unknown}
 y - a scroll of blinking {unknown}
Potions
 f - a potion of flight {unknown}
 i - a potion of curing {unknown}
 k - a potion of mutation {unknown}
 l - 2 potions of haste
 r - a potion of lignification {unknown}
 w - 2 potions of degeneration {unknown}
Comestibles
 c - a chunk of flesh
 d - 10 rations


   Skills:
 + Level 4.3 Fighting
 + Level 5.8 Axes
 + Level 3.9 Dodging
 + Level 5.1 Stealth
 + Level 4.4 Shields


You had 6 spell levels left.
You didn't know any spells.
Your spell library was empty.

Dungeon Overview and Level Annotations

Branches:
Dungeon (5/15)             Temple (1/1) D:5

Altars:
Ashenzari
Dithmenos
Elyvilon
Fedhas
Gozag
Hepliaklqana
Kikubaaqudgha
Okawaru
Qazlal
Ru
Sif Muna
Trog
Vehumet
Wu Jian
Zin

Annotations:
D:2 1 runed translucent door, Crazy Yiuf
D:4 exclusion: downstairs


Innate Abilities, Weirdness & Mutations

You cannot wear most types of armour.
You are very stealthy in the water. (Stealth+)
You are amphibious.
You can wear up to eight rings at the same time.
You can use your tentacles to constrict eight enemies at once.
Your skin changes colour to match your surroundings (Stealth+).
Your rubbery body absorbs attacks. (AC +1, EV +1)


Message History

You are too injured to fight recklessly!
You are too injured to fight recklessly!
You are too injured to fight recklessly!
You are too injured to fight recklessly!
You barely miss the centaur.
The centaur is almost dead.
The centaur hits you with a +0 long sword of holy wrath!
* * * LOW HITPOINT WARNING * * *
You hit the centaur but do no damage.
The centaur is severely wounded.
The centaur barely misses you.
The centaur hits you with a +0 long sword of holy wrath.
* * * LOW HITPOINT WARNING * * *
You hit the centaur but do no damage.
The centaur is severely wounded.
The centaur closely misses you.
You closely miss the centaur.
The centaur is severely wounded.
The centaur hits you with a +0 long sword of holy wrath.
You die...

####### #.@(..####
######## #c###.##<#
.......# ... #.##.#
.......# ..... #....#
.......#
........'..##.#######
..)[...#
........##.#........#
(......# .......
#.#........# .......#
....... #.#........#
.......#
##.#........#


You could see a centaur.

Vanquished Creatures
  2 centaurs
  2 scorpions
  A howler monkey (D:5)
  A crimson imp (D:5)
  3 hounds
  2 orc priests (D:4)
  A bullfrog skeleton (D:2)
  2 centaur skeletons
  3 worker ants
  A hound skeleton (D:4)
  A gnoll (D:5)
  6 adders
  A shadow imp (D:5)
  An adder skeleton (D:4)
  5 worms
  2 dart slugs (D:1)
  4 leopard geckos
  4 orcs
  2 giant cockroaches
  4 goblins (D:1)
  8 hobgoblins
  6 jackals
  6 kobolds
  4 quokkas
  A ball python (D:5)
  4 bats
  6 frilled lizards
  A leopard gecko skeleton (D:4)
  A leopard gecko zombie (D:5)
  8 rats
93 creatures vanquished.

Notes
Turn   | Place    | Note
-------+----------+-------------------------------------------
     0 | D:1      | Wiggy the Octopode Fighter began the quest for the Orb.
     0 | D:1      | Reached XP level 1. HP: 16/16 MP: 1/1
    73 | D:1      | Reached XP level 2. HP: 21/21 MP: 2/2
   342 | D:1      | Reached XP level 3. HP: 26/26 MP: 3/3
   532 | D:2      | Reached skill level 1 in Stealth
   876 | D:2      | Reached XP level 4. HP: 31/31 MP: 4/4
  1530 | D:2      | Found a runed translucent door.
  1531 | D:2      | Noticed Crazy Yiuf
  1701 | D:3      | Found a stormy altar of Qazlal.
  1703 | D:3      | Found a glowing silver altar of Zin.
  1706 | D:3      | Found a shattered altar of Ashenzari.
  1781 | D:3      | Reached XP level 5. HP: 35/36 MP: 5/5
  2543 | D:4      | Found a bloodstained altar of Trog.
  2737 | D:4      | Reached XP level 6. HP: 42/42 MP: 6/6
  2797 | D:4      | Found a bloodstained altar of Trog.
  3242 | D:4      | Reached XP level 7. HP: 44/47 MP: 7/7
  3354 | D:5      | Entered Level 5 of the Dungeon
  3362 | D:5      | Reached skill level 5 in Axes
  3533 | D:5      | HP: 1/48 [centaur/+0 hand axe (12)]
  3826 | D:5      | Found an ornate altar of the Wu Jian Council.
  4224 | D:5      | Reached skill level 5 in Stealth
  4230 | D:5      | Found a hazy altar of Hepliaklqana.
  4242 | D:5      | Found a staircase to the Ecumenical Temple.
  4251 | Temple   | Entered the Ecumenical Temple
  4277 | Temple   | Became a worshipper of Warmaster Okawaru
  4517 | D:5      | HP: 2/49 [centaur/+0 long sword of holy wrath (5)]
  4519 | D:5      | Slain by a centaur

Skill      XL: |  1  2  3  4  5  6  7 |
---------------+----------------------+-----
Stealth        | 1 2 4 5 |  5.1
Axes           | 3 4 5 |  5.8
Fighting       | 4 |  4.3
Shields        | 4 |  4.4
Dodging        | |  3.9

Action                   |  1- 3 |  4- 6 |  7- 9 || total
-------------------------+-------+-------+-------++-------
Melee: War axe           |    52 |    82 |    63 ||   197
       Tentacles         |    14 |    18 |    17 ||    49
       Constrict         |    16 |    21 |    12 ||    49
  Use: Potion            |       |       |     3 ||     3
 Stab: Sleeping          |     5 |    12 |     2 ||    19
       Distracted        |       |       |     1 ||     1
       Invisible         |       |       |     1 ||     1
  Eat: Chunk             |       |     4 |     4 ||     8
       Ration            |       |     1 |       ||     1
Armor: Skin              |     1 |     2 |     3 ||     6
Dodge: Dodged            |    21 |    30 |    40 ||    91
Block: Shield            |    30 |    34 |    37 ||   101
